 Dungeon Crawl Stone Soup version 0.24.0-125-gc4c63601f3 (webtiles) character file.

Game seed: 10837819906093593234, levelgen mode: deterministic

98 Curus the Chopper (level 4, -12/39 HPs)
             Began as a Hill Orc Berserker on Mar 1, 2020.
             Was a Believer of Trog.
             Mangled by Pikel
             ... wielding a +0 whip of electrocution
              (17 damage)
             ... on level 4 of the Dungeon.
             The game lasted 00:05:02 (1419 turns).

Curus the Chopper (Hill Orc Berserker)              Turns: 1419, Time: 00:05:02

Health: -12/39     AC:  5    Str: 19    XL:     4   Next: 71%
Magic:  4/4        EV: 10    Int:  7    God:    Trog [**....]
Gold:   68         SH:  0    Dex: 11    Spells: 3/3 levels left

rFire    . . .     SeeInvis .   a - +0 hand axe
rCold    . . .     Gourm    .   (no shield)
rNeg     . . .     Faith    .   e - +0 ring mail
rPois    .         Spirit   .   (no helmet)
rElec    .         Reflect  .   (no cloak)
rCorr    .         Harm     .   (no gloves)
MR       .....                  (no boots)
Stlth    +.........             (no amulet)
HPRegen  0.13/turn              (no ring)
MPRegen  0.09/turn              (no ring)

@: about to teleport, berserk cooldown, drained
A: no striking features
a: Berserk, Trog's Hand, Renounce Religion


You were on level 4 of the Dungeon.
You worshipped Trog.
Trog was pleased with you.
You were very hungry.

You visited 1 branch of the dungeon, and saw 3 of its levels.

You collected 68 gold pieces.

Inventory:

Hand Weapons
 a - a +0 hand axe (weapon)
Armour
 b - a +0 animal skin
 e - a +0 ring mail (worn)
Wands
 h - a wand of random effects (16)
Scrolls
 d - 2 scrolls of teleportation
Potions
 f - 2 potions of lignification
 g - a potion of flight {unknown}
Comestibles
 c - 5 rations


   Skills:
 - Level 3.6(3.0) Fighting
 + Level 7.0(6.4) Axes
 - Level 2.1(1.6) Armour
 - Level 1.5(1.0) Dodging


You had 3 spell levels left.
You didn't know any spells.
Your spell library was empty.

Dungeon Overview and Level Annotations

Branches:
Dungeon (2/15)

Altars:

Annotations:
D:4 Pikel


Message History

You kill the frilled lizard!
Trog accepts your kill.
You feel yourself speed up.
Pikel says, "Slavery isn't that bad."
You barely miss Pikel. Pikel barely misses you.
You hit Pikel but do no damage.
Pikel hits you with a +0 whip of electrocution!
As you read the scroll of teleportation, it crumbles to dust.
You feel strangely unstable. Pikel barely misses you.
You hit Pikel.
Pikel is lightly wounded.
Pikel hits you with a +0 whip of electrocution.
You are electrocuted!
* * * LOW HITPOINT WARNING * * *
You hit Pikel but do no damage.
Pikel is lightly wounded.
Pikel hits you with a +0 whip of electrocution.
* * * LOW HITPOINT WARNING * * *
You are electrocuted!
You die...

.#. ......
..)##.##.. .#..
#.#...#)## .....
...).... .#p.# .###
#...#.###p...#
.....##.##........#
#....pp...#.p...#
.....#K#...pK....#
#.. #@#.#(......# #
###.........#
#.............#
...#..........#
..............#
............?..
..#########.... ..
.... ...


You could see Pikel and 2 slaves.

Vanquished Creatures
  5 adders
  A worm (D:4)
  8 goblins
  6 hobgoblins
  8 jackals (D:1)
  5 kobolds
  A quokka (D:2)
  4 bats (D:1)
  3 frilled lizards
  A quokka zombie (D:4)
  10 rats
52 creatures vanquished.

Notes
Turn   | Place    | Note
-------+----------+-------------------------------------------
     0 | D:1      | Curus the Hill Orc Berserker began the quest for the Orb.
     0 | D:1      | Reached XP level 1. HP: 19/19 MP: 1/1
   170 | D:1      | Reached XP level 2. HP: 23/26 MP: 2/2
   465 | D:1      | Reached skill level 5 in Axes
   680 | D:1      | Reached XP level 3. HP: 31/31 MP: 3/3
   737 | D:1      | Reached ** piety under Trog
  1151 | D:2      | Reached skill level 6 in Axes
  1334 | D:2      | Reached XP level 4. HP: 24/39 MP: 4/4
  1390 | D:2      | You fall into a shaft and drop 2 floors!
  1390 | D:4      | Noticed Pikel
  1390 | D:4      | Noticed a slave
  1390 | D:4      | Noticed a slave
  1390 | D:4      | Noticed a slave
  1392 | D:4      | Noticed a slave
  1406 | D:4      | Reached skill level 7 in Axes
  1419 | D:4      | Mangled by Pikel

Levels and vault maps discovered:
D:1:      minmay_arrival_four_circles, layout_loops_corners,
          chequers_serial_rivers_small_b, grunt_decor_resistance,
          ebering_dispersal_statue_hall, minivault_24
D:2:      layout_basic, makhleb_heckhound_becter
D:4:      wander_river, layout_basic, first_ration, minmay_fractal_squares_5,
          uniq_pikel

Skill      XL: |  1  2  3  4 |
---------------+-------------+-----
Axes           | 5 6 7 |  7.0
Fighting       | |  3.6
Armour         | |  2.1
Dodging        | |  1.5

Action                   |  1- 3 |  4- 6 || total
-------------------------+-------+-------++-------
Melee: Hand axe          |   127 |    40 ||   167
Invok: Berserk           |     1 |     1 ||     2
       Trog's Hand       |       |     1 ||     1
  Use: Potion            |     6 |       ||     6
       Scroll            |     3 |     3 ||     6
 Stab: Invisible         |     1 |       ||     1
  Eat: Chunk             |     3 |       ||     3
Armor: Animal skin       |    15 |       ||    15
       Ring mail         |    18 |    13 ||    31
Dodge: Dodged            |    46 |    19 ||    65
